 Dungeon Crawl Stone Soup version 0.30-a0-800-g7c544603b3 (webtiles) character file.

Game seed: 1813298525306878842

41 testman the Slasher (level 3, -1/25 HPs)
             Began as a Gnoll Wanderer on Feb 21, 2023.
             Was a Follower of Kikubaaqudgha.
             Slain by a ball python (3 damage)
             ... on level 2 of the Dungeon.
             The game lasted 00:03:19 (1185 turns).

testman the Slasher (Gnoll Wanderer)                Turns: 1185, Time: 00:03:19

Health: -1/25      AC:  3    Str:  8    XL:     3   Next: 52%
Magic:  0/7        EV:  9    Int: 14    God:    Kikubaaqudgha [*.....]
Gold:   54         SH:  0    Dex: 13    Spells: 5/7 levels left

rFire   . . .      SeeInvis .    a - +2 falchion
rCold   . . .      Faith    .    (no shield)
rNeg    . . .      Spirit   +    d - +0 robe
rPois   .          Reflect  .    (no helmet)
rElec   .          Harm     .    (no cloak)
rCorr   .          Rampage  .    (no gloves)
Will    .....                    b - +0 pair of boots
Stlth   ++                       k - amulet of guardian spirit
HPRegen 0.24/turn                (no ring)
MPRegen 0.10/turn                (no ring)

@: constricted
A: fangs 1, strong nose, distributed training
a: Renounce Religion, Unearth Wretches


You were on level 2 of the Dungeon.
You worshipped Kikubaaqudgha.
Kikubaaqudgha was aware of your devotion.
You visited 1 branch of the dungeon, and saw 2 of its levels.

You collected 54 gold pieces.

Inventory:

Hand Weapons
 a - a +2 falchion (weapon)
Missiles
 f - 5 boomerangs
 i - 3 poisoned darts
Armour
 b - a +0 pair of boots (worn)
 d - a +0 robe (worn)
Jewellery
 j - a ring of fire
 k - an amulet of guardian spirit (around neck)
Scrolls
 c - a scroll of fear
 l - a scroll of noise {unknown}
 n - a scroll of immolation {unknown}
 o - 2 scrolls of teleportation {unknown}
 p - a scroll of identify {unknown}
Potions
 e - 3 potions of might {unknown}
 g - 2 potions of heal wounds {unknown}
 h - a potion of curing {unknown}
 m - a potion of haste {unknown}


   Skills:
 + Level 0.9 Fighting
 + Level 0.9 Short Blades
 + Level 6.5 Long Blades
 + Level 0.9 Axes
 + Level 0.9 Maces & Flails
 + Level 0.9 Polearms
 + Level 0.9 Staves
 + Level 0.9 Ranged Weapons
 + Level 0.9 Throwing
 + Level 4.5 Armour
 + Level 2.6 Dodging
 + Level 2.4 Stealth
 + Level 0.9 Shields
 + Level 0.9 Unarmed Combat
 + Level 2.8 Spellcasting
 + Level 0.6 Conjurations
 + Level 0.6 Hexes
 + Level 0.6 Summonings
 + Level 3.8 Necromancy
 + Level 0.6 Translocations
 + Level 0.6 Transmutations
 + Level 0.6 Fire Magic
 + Level 0.6 Ice Magic
 + Level 0.6 Air Magic
 + Level 0.6 Earth Magic
 + Level 0.6 Poison Magic
 + Level 1.0 Invocations
 + Level 0.9 Evocations


You had 5 spell levels left.
You knew the following spells:

 Your Spells              Type           Power      Damage    Failure   Level
a - Kiss of Death         Conj/Necr      32%        2d7       9%          1
b - Necrotise             Necr           48%        1d6       4%          1

Your spell library contained the following spells:

 Spells                   Type           Power      Damage    Failure   Level
 Vampiric Draining        Necr           12%        2d6       14%         3
 Cigotuvi's Dreadful Rot  Necr/Pois/Air  12%        N/A       17%         2


Dungeon Overview and Level Annotations

Branches:
Dungeon (2/15)

Altars:
Kikubaaqudgha


Innate Abilities, Weirdness & Mutations

You have very sharp teeth.
Your uncanny sense of smell can sniff out nearby items.
Your experience applies equally to all skills.


Message History

You don't have enough magic to cast this spell.
You don't have enough magic to cast this spell.
Okay, then.
The gnoll completely misses you.
You hit the gnoll but do no damage.
The gnoll is almost dead.
The gnoll hits you with a +0 spear.
You hit the gnoll.
You kill the gnoll!
Kikubaaqudgha accepts your kill.
You have reached level 3!
Your experience leads to an increase in your attributes!
Increase (S)trength, (I)ntelligence, or (D)exterity?
You feel clever. x2
You barely miss the gnoll. The gnoll hits you with a +0 whip.
* * * LOW HITPOINT WARNING * * *
You barely miss the gnoll. You bite the gnoll, but do no damage.
The gnoll hits you with a +0 whip.
* * * LOW HITPOINT WARNING * * *
You closely miss the gnoll. The gnoll barely misses you.
You hit the gnoll.
The gnoll is lightly wounded.
The gnoll barely misses you.
You hit the gnoll.
The gnoll is heavily wounded.
The gnoll hits you with a +0 whip.
* * * LOW HITPOINT WARNING * * *
You slash the gnoll!
You kill the gnoll!
Kikubaaqudgha accepts your kill. The ball python barely misses you.
The ball python grabs you. The ball python constricts you.
Your Invocations skill increases to level 1!
You closely miss the ball python. The ball python barely misses you.
The ball python constricts you.
You hit the ball python. Your bite misses the ball python.
The ball python is heavily wounded.
The ball python bites you.
You die...
Kikubaaqudgha rasps: "You have failed me!
Welcome... death!"

###### #.....#
##.....# #<.....#
#......### #..!.....
#############..#.#.###
#....@S..<............
#.######....##.#.#.##
#.#.†..>.#####...#
#.#.###.########g....#
#.............. ......
###.###.###### .#.#.#
#.#........# g#.# #
#.#.#.####.# g. #
#.#.#.####.#######.


You could see a ball python.

Vanquished Creatures
  2 gnolls (D:2)
  2 ball pythons
  An endoplasm (D:1)
  2 giant cockroaches (D:1)
  2 hobgoblins
  3 jackals (D:1)
  2 quokkas (D:1)
  A bat (D:1)
  2 frilled lizards (D:1)
  A kobold (D:1)
  2 rats (D:1)
20 creatures vanquished.

Notes
Turn   | Place    | Note
-------+----------+-------------------------------------------
     0 | D:1      | testman the Gnoll Wanderer began the quest for the Orb.
     0 | D:1      | testman set off with the following items: a +2 falchion, a
                  | +0 pair of boots, a scroll of fear, a +0 robe; and the
                  | following spell memorised: Kiss of Death; and the following
                  | spells available to memorise: Vampiric Draining.
     0 | D:1      | Reached XP level 1. HP: 13/13 MP: 4/4
   473 | D:1      | Found a faded altar of an unknown god.
   475 | D:1      | Prayed at the altar of an unknown god.
   475 | D:1      | Became a worshipper of Kikubaaqudgha
   475 | D:1      | Reached * piety under Kikubaaqudgha
   475 | D:1      | Received a gift from Kikubaaqudgha
   478 | D:1      | Learned a level 1 spell: Necrotise
   502 | D:1      | Reached XP level 2. HP: 19/19 MP: 2/5
  1178 | D:2      | Reached XP level 3. HP: 9/25 MP: 0/7
  1182 | D:2      | HP: 1/25 [gnoll/+0 whip (3)]
  1184 | D:2      | Reached skill level 1 in Invocations
  1185 | D:2      | Slain by a ball python

Illustrated notes

Levels and vault maps discovered:
D:1:      dpeg_arrival_round_b, layout_loops_corners,
          chequers_ecumenical_altar_twisty
D:2:      layout_basic, serial_shops, nicolae_shop_statue_plus,
          uniq_crazy_yiuf_cottage

Skill      XL: |  1  2  3 |
---------------+----------+-----
Invocations    | 1 |  1.0
Fighting       | |  0.9
Short Blades   | |  0.9
Long Blades    | |  6.5
Axes           | |  0.9
Maces & Flails | |  0.9
Polearms       | |  0.9
Staves         | |  0.9
Ranged Weapons | |  0.9
Throwing       | |  0.9
Armour         | |  4.5
Dodging        | |  2.6
Stealth        | |  2.4
Shields        | |  0.9
Unarmed Combat | |  0.9
Spellcasting   | |  2.8
Conjurations   | |  0.6
Hexes          | |  0.6
Summonings     | |  0.6
Necromancy     | |  3.8
Translocations | |  0.6
Transmutations | |  0.6
Fire Magic     | |  0.6
Ice Magic      | |  0.6
Air Magic      | |  0.6
Earth Magic    | |  0.6
Poison Magic   | |  0.6
Evocations     | |  0.9

Action                     || total
---------------------------++-------
  Melee: Falchion          ||    53
         Punch             ||     1
         Bite              ||     1
   Cast: Necrotise         ||    10
   Stab: Sleeping          ||     1
 Armour: Robe              ||     8
  Dodge: Dodged            ||    22

Table legend: (Time is in decaauts)
 A = Elapsed time spent in this place.
 B = Non-inter-level travel time spent in this place.
 C = Inter-level travel time spent in this place.
 D = Time resting spent in this place.
 E = Time spent auto-exploring this place.
 F = Levels seen in this place.
 G = Mean time per level.
                   A        B        C        D        E       F      G
               +--------+--------+--------+--------+--------+-----+--------+
         Total |   1183 |   1159 |     24 |      0 |    993 |   2 |  591.5 |
       Dungeon |   1183 |   1159 |     24 |      0 |    993 |   2 |  591.5 |
               +--------+--------+--------+--------+--------+-----+--------+

Top non-repeatable levels by time:
     D:1: 1052 daAuts
     D:2: 131 daAuts
